 Dungeon Crawl Stone Soup version 0.19.5 (webtiles) character file.

67 Jerry the Vexing (level 3, -3/24 HPs)
             Began as a Vampire Enchanter on Apr 5, 2017.
             Slain by an orc priest
             ... wielding a +0 flail
              (10 damage)
             ... on level 3 of the Dungeon.
             The game lasted 00:03:40 (1577 turns).

Jerry the Vexing (Vampire Enchanter)                Turns: 1577, Time: 00:03:40

Health: -3/24      AC:  3    Str:  7    XL:     3   Next: 98%
Magic:  0/6        EV: 12    Int: 16    God:
Gold:   113        SH:  0    Dex: 14    Spells: 2 memorised, 4 levels left

rFire  . . .     SeeInvis +     j - +2 dagger (venom)
rCold  + . .     Gourm    .     b - +1 robe
rNeg   + + .     Faith    .     (no shield)
rPois  +         Spirit   .     (no helmet)
rElec  .         Reflect  .     (no cloak)
rCorr  .         Harm     .     (no gloves)
MR     .....                    (no boots)
Stlth  ++++......               (no amulet)
                                n - -2 ring of intelligence (curse)
                                i - ring of flight

@: very slightly contaminated, regenerating slowly
A: fangs 3, see invisible, unbreathing
a: Bat Form, Evoke Flight


You were on level 3 of the Dungeon.
You were very thirsty.

You visited 1 branch of the dungeon, and saw 3 of its levels.

You collected 113 gold pieces.

Inventory:

Hand Weapons
 j - a +2 dagger of venom (weapon)
Armour
 b - a +1 robe (worn)
Jewellery
 i - a ring of flight (left hand)
 n - a cursed -2 ring of intelligence (right hand)
Scrolls
 e - a scroll of identify
 k - a scroll of recharging {unknown}
 m - a scroll of fog {unknown}
Potions
 a - 2 potions of degeneration {unknown}
 d - 20 potions of blood
 f - 2 potions of curing {unknown}
 g - a potion of heal wounds {unknown}
 h - a potion of cure mutation {unknown}
 l - a potion of brilliance {unknown}
Books
 c - a book of Maledictions

   Spells                             Type                      Level
   a - Corona                         Hexes                        1
   b - Ensorcelled Hibernation        Hexes/Ice                    2
   c - Confuse                        Hexes                        3
   d - Tukima's Dance                 Hexes                        3
   e - Dazzling Spray                 Conjuration/Hexes            3


   Skills:
 + Level 2.4 Short Blades
 - Level 2.1 Dodging
 + Level 5.0 Stealth
 + Level 2.5 Spellcasting
 + Level 5.4 Hexes


You had 4 spell levels left.
You knew the following spells:

 Your Spells              Type           Power        Failure   Level  Hunger
a - Corona                Hex            ###....      1%          1    #......
b - Ensorcelled Hibernat  Hex/Ice        ##....       12%         2    ##.....


Dungeon Overview and Level Annotations

Branches:
Dungeon (3/15)

Altars:


Innate Abilities, Weirdness & Mutations

You heal slowly.
You have razor-sharp teeth.
You have supernaturally acute eyesight. (SInv)
You can survive without breathing.


Message History

Press: ? - help, Shift-Dir - straight line, f - orc priest
Aim: an orc priest, wielding a flail (chance to defeat MR: 41%)
You miscast Ensorcelled Hibernation.
You are very lightly contaminated with residual magic.
Nothing appears to happen.
The orc priest hits you with a flail.
* * * LOW HITPOINT WARNING * * *
Casting: Ensorcelled Hibernation
Confirm with . or Enter, or press ? or * to list all spells.
Aiming: Ensorcelled Hibernation
Press: ? - help, Shift-Dir - straight line, f/p - orc priest
Aim: an orc priest, wielding a flail (chance to defeat MR: 41%)
The orc priest resists with some effort.
Casting: Ensorcelled Hibernation
Confirm with . or Enter, or press ? or * to list all spells.
Aiming: Ensorcelled Hibernation
Press: ? - help, Shift-Dir - straight line, f/p - orc priest
Aim: an orc priest, wielding a flail (chance to defeat MR: 41%)
The orc priest resists with some effort.
The orc priest hits you with a flail!
You die...

..# #.# ..#
#.########## #.#
#..........#######
#.#
#...###.#........
#.#
#.#.###...#######
#.# #...........#
#.## #.##.######)#
#..###.##.# #.†..#
##.....#### ####@#
#####.# #o# #...
#o# #.### #o# ...
o.# ..# #.# ...
#.# .# #.#


You could see an orc priest and 3 orcs.

Vanquished Creatures
  2 adders (D:2)
  An ooze (D:1)
  2 worms (D:2)
  A dart slug (D:2)
  A leopard gecko (D:2)
  A giant cockroach (D:1)
  2 goblins
  7 hobgoblins
  A quokka (D:2)
  3 bats
  2 frilled lizards
  5 kobolds
  11 rats
39 creatures vanquished.

Notes
Turn   | Place    | Note
-------+----------+-------------------------------------------
     0 | D:1      | Jerry the Vampire Enchanter began the quest for the Orb.
     0 | D:1      | Reached XP level 1. HP: 13/13 MP: 3/3
   207 | D:1      | Reached XP level 2. HP: 19/19 MP: 5/5
   211 | D:1      | Learned a level 2 spell: Ensorcelled Hibernation
   640 | D:1      | Reached skill level 5 in Hexes
   841 | D:2      | Reached XP level 3. HP: 24/24 MP: 6/6
  1207 | D:2      | Reached skill level 5 in Stealth
  1577 | D:3      | Slain by an orc priest

Skill      XL: |  1  2  3 |
---------------+----------+-----
Hexes          | 5 |  5.4
Short Blades   | 2 |  2.4
Stealth        | 5 |  5.0
Dodging        | |  2.1
Spellcasting   | |  2.5

Action                   || total
-------------------------++-------
Melee: Dagger            ||    90
       Bite              ||     3
 Cast: Ensorcelled Hiber ||     5
  Use: Scroll            ||     2
 Stab: Sleeping          ||    15
Armor: Robe              ||    18
Dodge: Dodged            ||    42
